 Dungeon Crawl Stone Soup version 0.32-a0-433-g08bcfe7efd (webtiles) character file.

Game seed: 8321097565313855363

1 Bravepunisher the Ducker (level 1, -3/11 HPs)
             Began as a Spriggan Monk on Feb 22, 2024.
             Slain by an orc priest
             ... wielding a +0 hand axe
              (4 damage)
             ... in the Ecumenical Temple.
             The game lasted 00:01:28 (187 turns).

Bravepunisher the Ducker (Spriggan Monk)             Turns: 187, Time: 00:01:30

Health: -3/11      AC:  2    Str:  7    XL:     1   Next: 16%
Magic:  2/2        EV: 18    Int: 11    God:
Gold:   0          SH:  0    Dex: 17    Spells: 0/0 levels left

rFire   . . .        a - +0 short sword
rCold   . . .        (no shield)
rNeg    . . .        b - +0 robe
rPois   .            (helmet restricted)
rElec   .            (no cloak)
rCorr   .            (gloves unavailable)
SInv    +            (boots unavailable)
Will    .....        (no amulet)
Stlth   ++           (no ring)
HPRegen 0.21/turn    (no ring)
MPRegen 0.08/turn

%: no passive effects
@: very quick
A: very small, no large weapons, unfitting armour, see invisible, speed 3
a: Convert to Beogh


You were in the Ecumenical Temple.
You visited 2 branches of the dungeon, and saw 7 of its levels.

Inventory:

Hand Weapons
 a - a +0 short sword (weapon)
Armour
 b - a +0 robe (worn)


   Skills:
 + Level 2.4 Fighting
 - Level 3.2 Short Blades
 * Level 4.1 Dodging


You couldn't memorise any spells.
You didn't know any spells.
Your spell library was empty.

Dungeon Overview and Level Annotations

Branches:
Dungeon (6/15)             Temple (1/1) D:6

Altars:
Ashenzari
Cheibriados
Fedhas
Gozag
Kikubaaqudgha
Makhleb
Nemelex Xobeh
Qazlal
Ru
Sif Muna
Trog
Vehumet
Wu Jian
Yredelemnul
Zin
The Shining One

Annotations:
D:5 Dowan


Innate Abilities, Weirdness & Mutations

You are very small and have problems with some larger weapons.
You are too small for most types of armour.
You have supernaturally acute eyesight. (SInv)
You cover ground extremely quickly. (Speed+++)


Message History

The orc priest shouts, "The Pantheon deserves no one's loyalty.
Let us show you the true path!" (press Y on the ability menu to convert to Beogh)
Found a stone staircase leading down.
The orc priest closely misses you.
The orc wizard casts a spell.
The orc wizard flickers and vanishes for a moment.
The orc warrior closely misses you. The ufetubus attacks as it pursues you!
The ufetubus misses you. The ufetubus barely misses you.
The orc closely misses you.
There is a staircase to the Ecumenical Temple here.
The orc warrior misses you. The orc barely misses you.
The orc priest barely misses you.
You climb downwards.
Welcome to the Ecumenical Temple!
Found seven altars.
Found a staircase back to the Dungeon.
There is a staircase back to the Dungeon here.
You are confused.
You feel invigorated. The orc warrior completely misses you.
The orc priest closely misses you.
You bump into the stone wall.
The orc warrior closely misses you. The orc priest barely misses you.
You are too confused!
You hit the orc priest.
The orc priest is lightly wounded.
The orc warrior hits you with a +0 hand axe.
The orc priest barely misses you.
You bump into the stone wall.
The orc warrior misses you.
The orc priest casts a cantrip, but nothing happens.
You hit the orc priest but do no damage.
The orc priest is lightly wounded.
You miss the orc priest.
The orc priest is lightly wounded.
The orc warrior misses you. The orc priest barely misses you.
You bump into the stone wall.
You feel less invigorated.
You feel less confused.
The orc warrior hits you with a +0 hand axe!
Ouch! That really hurt!
* * * LOW HITPOINT WARNING * * *
The orc priest hits you with a +0 hand axe.
You die...

##_..._##
##.......##
#.........#
#_.._._.._#
#.........#
##.......##
##_.o._##
###o### #@#
###o###
##_..._##
##.......##
#.........#
#_..._..._#
#.........#
##.......##
##_..._##


You could see an orc warrior, an orc priest and an orc.

Vanquished Creatures
  A bat (D:3)
1 creature vanquished.

Notes
Turn   | Place    | Note
-------+----------+-------------------------------------------
     0 | D:1      | Bravepunisher the Spriggan Monk began the quest for the
                  | Orb.
     0 | D:1      | Reached XP level 1. HP: 11/11 MP: 2/2
    44 | D:4      | Noticed a bombardier beetle
   127 | D:5      | Entered Level 5 of the Dungeon
   127 | D:5      | Noticed Dowan
   144 | D:4      | You fall into a shaft and drop 2 floors!
   154 | D:6      | Noticed an iguana
   156 | D:6      | Found a sparkling altar of Nemelex Xobeh.
   161 | D:6      | Found a staircase to the Ecumenical Temple.
   163 | D:6      | Noticed an orc wizard
   171 | D:6      | Noticed an orc priest
   171 | D:6      | Noticed an orc warrior
   180 | Temple   | Entered the Ecumenical Temple
   187 | Temple   | Slain by an orc priest

Illustrated notes

Levels and vault maps discovered:
D:1:      psy_arrival_spokes, layout_loops_ring, minmay_split_cup_small
D:2:      layout_loops_cross, serial_shops, nicolae_shop_pleasant_corner_grove
D:3:      layout_loops_cross, lemuel_coloured_pillars_altar, st_stairs_7
D:4:      layout_rooms
D:5:      layout_basic, mainiacjoe_overflow_alcove_2, uniq_duvessa,
          uniq_menkaure, uniq_edmund
D:6:      layout_rooms, mainiacjoe_overflow_tiny_flanked,
          minmay_temple_entry_junction_2, gammafunk_ghost_cemetery,
          uniq_prince_ribbit1
Temple:   hellmonk_temple_two_chambers

Action                     || total
---------------------------++-------
  Melee: Short sword       ||     4
    Use: Potion            ||     1
 Armour: Robe              ||     7
  Dodge: Dodged            ||    30

Table legend: (Time is in decaauts)
 A = Elapsed time spent in this place.
 B = Non-inter-level travel time spent in this place.
 C = Inter-level travel time spent in this place.
 D = Time resting spent in this place.
 E = Time spent auto-exploring this place.
 F = Levels seen in this place.
 G = Mean time per level.
                   A        B        C        D        E       F      G
               +--------+--------+--------+--------+--------+-----+--------+
         Total |    121 |    121 |      0 |      2 |     11 |   7 |   17.3 |
       Dungeon |    115 |    115 |      0 |      2 |     11 |   6 |   19.2 |
        Temple |      6 |      6 |      0 |      0 |      0 |   1 |    6.0 |
               +--------+--------+--------+--------+--------+-----+--------+

Top non-repeatable levels by time:
     D:4: 60 daAuts
     D:6: 22 daAuts
     D:3: 13 daAuts
     D:2: 8 daAuts
     D:1: 8 daAuts
  Temple: 6 daAuts
     D:5: 1 daAuts
